Workbook
Name _________key2: [1]INST!#REF!
Name ________key2: [2]INST!#REF!
Name ________key3: #REF!
Name ___key2: [2]INST!#REF!
Name ___key3: #REF!
Name ___key31: #REF!
Name __123Graph_A: #REF!
Name __123Graph_B: #REF!
Name __key2: [3]INST!#REF!
Name __key21: [2]INST!#REF!
Name __key3: #REF!
Name __key31: #REF!
Name _a1: {"TAB1",#N/A,TRUE,"GENERAL";"TAB2",#N/A,TRUE,"GENERAL";"TAB3",#N/A,TRUE,"GENERAL";"TAB4",#N/A,TRUE,"GENERAL";"TAB5",#N/A,TRUE,"GENERAL"}
Name _a3: {"TAB1",#N/A,TRUE,"GENERAL";"TAB2",#N/A,TRUE,"GENERAL";"TAB3",#N/A,TRUE,"GENERAL";"TAB4",#N/A,TRUE,"GENERAL";"TAB5",#N/A,TRUE,"GENERAL"}
Name _a4: {"via1",#N/A,TRUE,"general";"via2",#N/A,TRUE,"general";"via3",#N/A,TRUE,"general"}
Name _a5: {"TAB1",#N/A,TRUE,"GENERAL";"TAB2",#N/A,TRUE,"GENERAL";"TAB3",#N/A,TRUE,"GENERAL";"TAB4",#N/A,TRUE,"GENERAL";"TAB5",#N/A,TRUE,"GENERAL"}
Name _a6: {"TAB1",#N/A,TRUE,"GENERAL";"TAB2",#N/A,TRUE,"GENERAL";"TAB3",#N/A,TRUE,"GENERAL";"TAB4",#N/A,TRUE,"GENERAL";"TAB5",#N/A,TRUE,"GENERAL"}
Name _AAS1: {#N/A,#N/A,TRUE,"INGENIERIA";#N/A,#N/A,TRUE,"COMPRAS";#N/A,#N/A,TRUE,"DIRECCION";#N/A,#N/A,TRUE,"RESUMEN"}
Name _ABC1: {#N/A,#N/A,TRUE,"1842CWN0"}
Name _abc2: {#N/A,#N/A,TRUE,"1842CWN0"}
Name _b2: {"TAB1",#N/A,TRUE,"GENERAL";"TAB2",#N/A,TRUE,"GENERAL";"TAB3",#N/A,TRUE,"GENERAL";"TAB4",#N/A,TRUE,"GENERAL";"TAB5",#N/A,TRUE,"GENERAL"}
Name _b3: {"TAB1",#N/A,TRUE,"GENERAL";"TAB2",#N/A,TRUE,"GENERAL";"TAB3",#N/A,TRUE,"GENERAL";"TAB4",#N/A,TRUE,"GENERAL";"TAB5",#N/A,TRUE,"GENERAL"}
Name _b4: {"TAB1",#N/A,TRUE,"GENERAL";"TAB2",#N/A,TRUE,"GENERAL";"TAB3",#N/A,TRUE,"GENERAL";"TAB4",#N/A,TRUE,"GENERAL";"TAB5",#N/A,TRUE,"GENERAL"}
Name _b5: {"TAB1",#N/A,TRUE,"GENERAL";"TAB2",#N/A,TRUE,"GENERAL";"TAB3",#N/A,TRUE,"GENERAL";"TAB4",#N/A,TRUE,"GENERAL";"TAB5",#N/A,TRUE,"GENERAL"}
Name _b6: {"TAB1",#N/A,TRUE,"GENERAL";"TAB2",#N/A,TRUE,"GENERAL";"TAB3",#N/A,TRUE,"GENERAL";"TAB4",#N/A,TRUE,"GENERAL";"TAB5",#N/A,TRUE,"GENERAL"}
Name _b7: {"via1",#N/A,TRUE,"general";"via2",#N/A,TRUE,"general";"via3",#N/A,TRUE,"general"}
Name _b8: {"via1",#N/A,TRUE,"general";"via2",#N/A,TRUE,"general";"via3",#N/A,TRUE,"general"}
Name _bb9: {"TAB1",#N/A,TRUE,"GENERAL";"TAB2",#N/A,TRUE,"GENERAL";"TAB3",#N/A,TRUE,"GENERAL";"TAB4",#N/A,TRUE,"GENERAL";"TAB5",#N/A,TRUE,"GENERAL"}
Name _bgb5: {"TAB1",#N/A,TRUE,"GENERAL";"TAB2",#N/A,TRUE,"GENERAL";"TAB3",#N/A,TRUE,"GENERAL";"TAB4",#N/A,TRUE,"GENERAL";"TAB5",#N/A,TRUE,"GENERAL"}
Name _Fill: #REF!
Name _g2: {"TAB1",#N/A,TRUE,"GENERAL";"TAB2",#N/A,TRUE,"GENERAL";"TAB3",#N/A,TRUE,"GENERAL";"TAB4",#N/A,TRUE,"GENERAL";"TAB5",#N/A,TRUE,"GENERAL"}
Name _g3: {"via1",#N/A,TRUE,"general";"via2",#N/A,TRUE,"general";"via3",#N/A,TRUE,"general"}
Name _g4: {"via1",#N/A,TRUE,"general";"via2",#N/A,TRUE,"general";"via3",#N/A,TRUE,"general"}
Name _g5: {"via1",#N/A,TRUE,"general";"via2",#N/A,TRUE,"general";"via3",#N/A,TRUE,"general"}
Name _g6: {"via1",#N/A,TRUE,"general";"via2",#N/A,TRUE,"general";"via3",#N/A,TRUE,"general"}
Name _g7: {"TAB1",#N/A,TRUE,"GENERAL";"TAB2",#N/A,TRUE,"GENERAL";"TAB3",#N/A,TRUE,"GENERAL";"TAB4",#N/A,TRUE,"GENERAL";"TAB5",#N/A,TRUE,"GENERAL"}
Name _GR1: {"TAB1",#N/A,TRUE,"GENERAL";"TAB2",#N/A,TRUE,"GENERAL";"TAB3",#N/A,TRUE,"GENERAL";"TAB4",#N/A,TRUE,"GENERAL";"TAB5",#N/A,TRUE,"GENERAL"}
Name _gtr4: {"via1",#N/A,TRUE,"general";"via2",#N/A,TRUE,"general";"via3",#N/A,TRUE,"general"}
Name _h2: {"via1",#N/A,TRUE,"general";"via2",#N/A,TRUE,"general";"via3",#N/A,TRUE,"general"}
Name _h3: {"via1",#N/A,TRUE,"general";"via2",#N/A,TRUE,"general";"via3",#N/A,TRUE,"general"}
Name _h4: {"TAB1",#N/A,TRUE,"GENERAL";"TAB2",#N/A,TRUE,"GENERAL";"TAB3",#N/A,TRUE,"GENERAL";"TAB4",#N/A,TRUE,"GENERAL";"TAB5",#N/A,TRUE,"GENERAL"}
Name _h5: {"TAB1",#N/A,TRUE,"GENERAL";"TAB2",#N/A,TRUE,"GENERAL";"TAB3",#N/A,TRUE,"GENERAL";"TAB4",#N/A,TRUE,"GENERAL";"TAB5",#N/A,TRUE,"GENERAL"}
Name _h6: {"via1",#N/A,TRUE,"general";"via2",#N/A,TRUE,"general";"via3",#N/A,TRUE,"general"}
Name _h7: {"TAB1",#N/A,TRUE,"GENERAL";"TAB2",#N/A,TRUE,"GENERAL";"TAB3",#N/A,TRUE,"GENERAL";"TAB4",#N/A,TRUE,"GENERAL";"TAB5",#N/A,TRUE,"GENERAL"}
Name _h8: {"via1",#N/A,TRUE,"general";"via2",#N/A,TRUE,"general";"via3",#N/A,TRUE,"general"}
Name _hfh7: {"via1",#N/A,TRUE,"general";"via2",#N/A,TRUE,"general";"via3",#N/A,TRUE,"general"}
Name _hhg1: {#N/A,#N/A,TRUE,"1842CWN0"}
Name _i4: {"via1",#N/A,TRUE,"general";"via2",#N/A,TRUE,"general";"via3",#N/A,TRUE,"general"}
Name _i5: {"TAB1",#N/A,TRUE,"GENERAL";"TAB2",#N/A,TRUE,"GENERAL";"TAB3",#N/A,TRUE,"GENERAL";"TAB4",#N/A,TRUE,"GENERAL";"TAB5",#N/A,TRUE,"GENERAL"}
Name _i6: {"TAB1",#N/A,TRUE,"GENERAL";"TAB2",#N/A,TRUE,"GENERAL";"TAB3",#N/A,TRUE,"GENERAL";"TAB4",#N/A,TRUE,"GENERAL";"TAB5",#N/A,TRUE,"GENERAL"}
Name _i7: {"via1",#N/A,TRUE,"general";"via2",#N/A,TRUE,"general";"via3",#N/A,TRUE,"general"}
Name _i77: {"TAB1",#N/A,TRUE,"GENERAL";"TAB2",#N/A,TRUE,"GENERAL";"TAB3",#N/A,TRUE,"GENERAL";"TAB4",#N/A,TRUE,"GENERAL";"TAB5",#N/A,TRUE,"GENERAL"}
Name _i8: {"via1",#N/A,TRUE,"general";"via2",#N/A,TRUE,"general";"via3",#N/A,TRUE,"general"}
Name _i9: {"TAB1",#N/A,TRUE,"GENERAL";"TAB2",#N/A,TRUE,"GENERAL";"TAB3",#N/A,TRUE,"GENERAL";"TAB4",#N/A,TRUE,"GENERAL";"TAB5",#N/A,TRUE,"GENERAL"}
Name _k3: {"TAB1",#N/A,TRUE,"GENERAL";"TAB2",#N/A,TRUE,"GENERAL";"TAB3",#N/A,TRUE,"GENERAL";"TAB4",#N/A,TRUE,"GENERAL";"TAB5",#N/A,TRUE,"GENERAL"}
Name _k4: {"via1",#N/A,TRUE,"general";"via2",#N/A,TRUE,"general";"via3",#N/A,TRUE,"general"}
Name _k5: {"via1",#N/A,TRUE,"general";"via2",#N/A,TRUE,"general";"via3",#N/A,TRUE,"general"}
Name _k6: {"TAB1",#N/A,TRUE,"GENERAL";"TAB2",#N/A,TRUE,"GENERAL";"TAB3",#N/A,TRUE,"GENERAL";"TAB4",#N/A,TRUE,"GENERAL";"TAB5",#N/A,TRUE,"GENERAL"}
Name _k7: {"via1",#N/A,TRUE,"general";"via2",#N/A,TRUE,"general";"via3",#N/A,TRUE,"general"}
Name _k8: {"via1",#N/A,TRUE,"general";"via2",#N/A,TRUE,"general";"via3",#N/A,TRUE,"general"}

Sheet INFORMACION
B3: INFORMACIÓN GENERAL
B4: OBJETO : | C4: “CONSTRUCCIÓN DE ESTRUCTURA EN GAVIONES PARA LA ESTABILIZACIÓN DE LA BANCADA EN LA VEREDA LA LLANO, DEL MUNICIPIO DE OTANCHE BOYACA 2026”
B5: CACULO:
B6: Vo.Bo. Secretaria de Planeación | C6: Vo.Bo. Secretario de Planeación e Infraestructura
B7: Vo.Bo. Supervisión | C7: Vo.Bo. Supervisión
B8: Contratista: | C8: N/A
B9: Interventor: | C9: N/A
B10: Fecha:
B11: Ubiucacion: | C11: VEREDA LA LLANO OTANCHE

Sheet PRESUPUESTO OFICIAL (entidad)
B1: Formulario 1 - Propuesta económica - Documento tipo de mínima cuantía de obra pública de infraestructurade transporte
B2: Versión: 2
C5: FORMULARIO 1
C6: PRESUPUESTO OFICIAL
C7: [La Entidad puede utilizar este formulario de detalle del presupuesto oficial para determinar las condiciones bajo las cuales los Proponentes analizarán y presentarán su propuesta económica de forma detallada, sin perjuicio que la Entidad pueda modificarlo o establecer la presentación de la oferta económica con un formulario distinto al indicado.] [El presente Formulario aplica para los Procesos de Contratación que tengan como forma de pago precios unitarios. Tratándose de otras modalidades de pago, la Entidad debe ajustarlo cuando corresponde a: precio global, llave en mano, administración delegada, reembolso de gastos o cualquier otra forma de pago.]
C9: Adicionalmente, cuando el proceso de contratación es estructurado por precios unitarios, la Entidad debe aplicar las notas 1, 2 y 3 del presente formulario y las casillas de "Descripción", "Porcentaje" de la Administración, Imprevisto, Utilidad y total A.I.U. resaltadas en color amarillo. Tratándose de otras modalidades de precio, la Entidad puede o no configurar los mismos aspectos.
C11: Nº | D11: ÍTEM DE PAGO | E11: ESPECIFICACIONES | G11: DESCRIPCIÓN | H11: UND. | I11: CANTIDAD | J11: INCREMENTO X TRANSPORTE | K11: VALOR UNITARIO | L11: VALOR TOTAL
E12: GENERAL | F12: PARTICULAR
C13: 1.PRELIMINARES
C14: 1.1 | D14: 3.03.10 | E14: GOBERNACIÓN | G14: EXCAVACIÓN MANUAL EN MATERIAL COMÚN | H14: M3 | I14: =+'1.1'!N37 -> 5.7 | J14: 0 | K14: =70557.63*1.3 -> 91724.919 | L14: =+I14*K14 -> 522832.04
C15: Subtotal | L15: =+ROUND(SUM(L14:L14),0) -> 522832
C16: 2.AFIRMADO, SUB BASE, Y BASE
C17: 2.1 | D17: 3.03.12 | E17: GOBERNACIÓN | G17: MEJORAMIENTO DE PISO CON MATERIAL DE AFIRMADO COMPACTADO CON PLANCHA VIBRADORA. (INCLUYE ACARREO LIBRE HASTA 5KM.). | H17: M3 | I17: =+'2.1'!N37 -> 2.85 | J17: 0 | K17: =140393.81*1.42 -> 199359.21 | L17: =+I17*K17 -> 568173.75
C18: Subtotal | L18: =+ROUND(SUM(L17),0) -> 568174
C19: 3. ESTRUCTURA
C20: 3.1 | D20: 2.02.14 | E20: GOBERNACIÓN | G20: MUROS EN GAVIONES, INCLUYE MALLA ESLABONADA TRIPLE TORSION CAL. 12 | H20: M3 | I20: =+'3.1'!N36 -> 58 | J20: 0.12 | K20: =376171.19*1.42 -> 534163.09 | L20: =+ROUND(I20*K20,2) -> 30981459
C21: Subtotal | L21: =+ROUND(SUM(L20:L20),0) -> 30981459
C22: SUBTOTAL OBRAS | L22: =+L15+L18+L21 -> 32072465
G27: SUBTOTAL OBRAS (INCLUYE IVA)
G31: VALOR TOTAL | L31: =+L22 -> 32072465
C34: NOTA 1: Se debe tener en cuenta que el PRECIO UNITARIO incluye el valor de AIU E INCREMENTO DE TRANSPORTE | H34: DESCRIPCION | L34: PORCENTAJE
C35: NOTA 2: Cuando la fracción decimal del peso sea igual o superior a 5 se aproximará por exceso al número entero siguiente del peso y cuando la fracción decimal del peso sea inferior a 5 se aproximará por defecto al número entero del peso. | H35: ADMINISTRACIÓN | K35: A= | L35: 0.24
C36: NOTA 3: El AIU y su discriminación deben estar en porcentaje (%). | H36: IMPREVISTO | K36: I= | L36: 0.02
H37: UTILIDAD | K37: U= | L37: 0.04
H38: TOTAL A.I.U | K38: A.I.U.= | L38: 0.3

Sheet PROPUESTA ECONOMICA (proponente
B1: Formulario 1 - Propuesta económica - Documento tipo de mínima cuantía de obra pública de infraestructura social
B2: Versión: 1 de 21 de agosto de 2025
C5: FORMULARIO 1
C6: PROPUESTA ECONÓMICA
C7: [ El Proponente puede usar el presente formulario de presentación para determinar su propuesta económica conforme al Formulario 1 - Presupuesto Oficial por la Entidad]
C9: Cuando el proceso de contratación es estructurado por Precios Unitarios, la Entidad debe aplicar las notas 1, 2 y 3 del presente formato y las casillas de "Descripción", "Porcentaje" de la Administración, Imprevisto, Utilidad y total A.I.U. resaltadas en color amarillo.
C11: Nº | D11: ÍTEM DE PAGO | E11: ESPECIFICACIONES | G11: DESCRIPCIÓN | H11: UND. | I11: CANTIDAD | J11: VALOR UNITARIO | K11: VALOR TOTAL
E12: GENERAL | F12: PARTICULAR
C15: Subtotal
C21: Subtotal
C31: Subtotal
C36: Subtotal
C39: Subtotal
C40: SUBTOTAL OBRAS
G45: SUBTOTAL OBRAS (INCLUYE IVA)
G49: VALOR TOTAL
C52: NOTA 1: Se debe tener en cuenta que el PRECIO UNITARIO incluye el valor de AIU. | H52: DESCRIPCIÓN | K52: PORCENTAJE
C53: NOTA 2: Cuando la fracción decimal del peso sea igual o superior a 5 se aproximara por exceso al número entero siguiente del peso y cuando la fracción decimal del peso sea inferior a 5 se aproximará por defecto al número entero del peso. | H53: ADMINISTRACIÓN | J53: A= | K53: [Ofrecimiento del Proponente]
C54: NOTA 3: El AIU y su discriminación deben estar en porcentaje (%). | H54: IMPREVISTO | J54: I= | K54: [Ofrecimiento del Proponente]
H55: UTILIDAD | J55: U= | K55: [Ofrecimiento del Proponente]
H56: TOTAL A.I.U | J56: A.I.U.= | K56: [Ofrecimiento del Proponente]
G59: Firma del Proponente o de su Representante Legal

Sheet 1.1
B2: MEMORIAS DE CALCULO DE CANTIDADES
D4: MEMORIAS DE CALCULO CANTIDADES | H4: PROYECTO:
H6: OBJETO: | I6: =+INFORMACION!C4 -> “CONSTRUCCIÓN DE ESTRUCTURA EN GAVIONES PARA LA ESTABILIZACIÓN DE LA BANCADA EN LA VEREDA LA LLANO, DEL MUNICIPIO DE OTANCHE BOYACA 2026”
B8: ENTIDAD: | D8: ALCALDÍA MUNICIPAL DE OTANCHE - BOYACÁ | H8: CONTRATISTA: | M8: INTERVENTOR: | N8: FECHA:
H9: =+INFORMACION!C8 -> N/A | M9: =+INFORMACION!C9 -> N/A | N9: =+INFORMACION!C10
B10: CAPITULO: | D10: =+'PRESUPUESTO OFICIAL (entidad)'!C13 -> 1.PRELIMINARES | N10: Hoja Nov. de 1
B11: ITEM DE PAGO: | D11: =+'PRESUPUESTO OFICIAL (entidad)'!D14 -> 3.03.10
B13: ITEM | C13: UND | D13: DESCRIPCION | I13: UBICACIÓN | L13: =+INFORMACION!C11 -> VEREDA LA LLANO OTANCHE
B14: =+'PRESUPUESTO OFICIAL (entidad)'!C14 -> 1.1 | C14: =+'PRESUPUESTO OFICIAL (entidad)'!H14 -> M3 | D14: =+'PRESUPUESTO OFICIAL (entidad)'!G14 -> EXCAVACIÓN MANUAL EN MATERIAL COMÚN
H15: Localización | I15: Dimensiones | M15: CANTIDAD | N15: Total
I16: ANCHO | J16: LARGO | K16: ALTO | L16: No ELEMENTOS
H17: EXCAVACIÓN MATERIAL CONTAMINADO | I17: 3 | J17: 19 | K17: 0.1 | N17: =+I17*J17*K17 -> 5.7
N18: =+I18*J18*K18 -> 0
N19: =+I19*J19*K19 -> 0
N20: =+I20*J20*K20 -> 0
N21: =+I21*J21*K21 -> 0
N22: =+J22*K22*L22*M22 -> 0
N25: =+I26*J26*K26*L26 -> 0
H34: TOTAL PRESENTE ACTA | N34: =+N17 -> 5.7
I35: EJECUTADO ACTA 1 | N35: 0
I36: EJECUTADO ACTA 2 | N36: 0
I37: EJECUTADO PRESENTE ACTA | N37: =+ROUND(N34-N35-N36,2) -> 5.7
B38: Calculó: | F38: =+INFORMACION!C6 -> Vo.Bo. Secretario de Planeación e Infraestructura | K38: =+INFORMACION!C7 -> Vo.Bo. Supervisión
B39: =+INFORMACION!C5 -> 0
B40: Otanche - Boyacá

Sheet 2.1
B2: MEMORIAS DE CALCULO DE CANTIDADES
D4: MEMORIAS DE CALCULO CANTIDADES | H4: PROYECTO:
H6: OBJETO: | I6: =+INFORMACION!C4 -> “CONSTRUCCIÓN DE ESTRUCTURA EN GAVIONES PARA LA ESTABILIZACIÓN DE LA BANCADA EN LA VEREDA LA LLANO, DEL MUNICIPIO DE OTANCHE BOYACA 2026”
B8: ENTIDAD: | D8: ALCALDÍA MUNICIPAL DE OTANCHE - BOYACÁ | H8: CONTRATISTA: | M8: INTERVENTOR: | N8: FECHA:
H9: =+INFORMACION!C8 -> N/A | M9: =+INFORMACION!C9 -> N/A | N9: =+INFORMACION!C10
B10: CAPITULO: | D10: =+'PRESUPUESTO OFICIAL (entidad)'!C16 -> 2.AFIRMADO, SUB BASE, Y BASE | N10: Hoja Nov. de 1
B11: ITEM DE PAGO: | D11: =+'PRESUPUESTO OFICIAL (entidad)'!D17 -> 3.03.12
B13: ITEM | C13: UND | D13: DESCRIPCION | I13: UBICACIÓN | L13: =+INFORMACION!C11 -> VEREDA LA LLANO OTANCHE
B14: =+'PRESUPUESTO OFICIAL (entidad)'!C17 -> 2.1 | C14: =+'PRESUPUESTO OFICIAL (entidad)'!H17 -> M3 | D14: =+'PRESUPUESTO OFICIAL (entidad)'!G17 -> MEJORAMIENTO DE PISO CON MATERIAL DE AFIRMADO COMPACTADO CON PLANCHA VIBRADORA. (INCLUYE ACARREO LIBRE HASTA 5KM.).
H15: Localización | I15: Dimensiones | M15: CANT | N15: Total
I16: LARGO | J16: ANCHO | K16: ALTO | L16: m2
H17: MEJORAMIENTO PISO | I17: 19 | J17: 3 | K17: 0.05 | N17: =+I17*J17*K17 -> 2.85
N18: =+K18*L18*M18 -> 0
N19: =+I19*J19*K19*M19 -> 0
N20: =+I20*J20*K20 -> 0
N21: =+I21*J21*K21 -> 0
N22: =+J22*K22*L22*M22 -> 0
N25: =+I26*J26*K26*L26 -> 0
H34: TOTAL PRESENTE ACTA | N34: =+N17 -> 2.85
I35: EJECUTADO ACTA 1 | N35: 0
I36: EJECUTADO ACTA 2 | N36: 0
I37: EJECUTADO PRESENTE ACTA | N37: =+ROUND(N34-N35-N36,2) -> 2.85
B38: Calculó: | F38: =+INFORMACION!C6 -> Vo.Bo. Secretario de Planeación e Infraestructura | K38: =+INFORMACION!C7 -> Vo.Bo. Supervisión
B39: =+INFORMACION!C5 -> 0
B40: Otanche - Boyacá

Sheet 3.1
B2: MEMORIAS DE CALCULO DE CANTIDADES
D4: MEMORIAS DE CALCULO CANTIDADES | H4: PROYECTO:
H6: OBJETO: | I6: =+INFORMACION!C4 -> “CONSTRUCCIÓN DE ESTRUCTURA EN GAVIONES PARA LA ESTABILIZACIÓN DE LA BANCADA EN LA VEREDA LA LLANO, DEL MUNICIPIO DE OTANCHE BOYACA 2026”
B8: ENTIDAD: | D8: ALCALDÍA MUNICIPAL DE OTANCHE - BOYACÁ | H8: CONTRATISTA: | M8: INTERVENTOR: | N8: FECHA:
H9: =+INFORMACION!C8 -> N/A | M9: =+INFORMACION!C9 -> N/A | N9: =+INFORMACION!C10
B10: CAPITULO: | D10: =+'PRESUPUESTO OFICIAL (entidad)'!C19 -> 3. ESTRUCTURA | N10: Hoja Nov. de 1
B11: ITEM DE PAGO: | D11: =+'PRESUPUESTO OFICIAL (entidad)'!D20 -> 2.02.14
B13: ITEM | C13: UND | D13: DESCRIPCION | I13: UBICACIÓN | L13: =+INFORMACION!C11 -> VEREDA LA LLANO OTANCHE
B14: =+'PRESUPUESTO OFICIAL (entidad)'!C20 -> 3.1 | C14: =+'PRESUPUESTO OFICIAL (entidad)'!H20 -> M3 | D14: =+'PRESUPUESTO OFICIAL (entidad)'!G20 -> MUROS EN GAVIONES, INCLUYE MALLA ESLABONADA TRIPLE TORSION CAL. 12
H15: Localización | I15: Dimensiones | M15: OBSERVACION | N15: Total
I16: No. Elem. | J16: Largo | K16: ANCHO | L16: ALTO
H17: GAVIONES TIZON | I17: 19 | J17: 2 | K17: 1 | L17: 1 | N17: =+I17*J17*K17*L17 -> 38
H18: GAVIONES ZOGA | I18: 10 | J18: 2 | K18: 1 | L18: 1 | N18: =+I18*J18*K18*L18 -> 20
N19: =+I19*J19*K19*L19 -> 0
N20: =+I20*J20*K20*L20 -> 0
N22: =+I22*J22*K22*L22 -> 0
N25: =+I26*J26*K26*L26 -> 0
H33: TOTAL PRESENTE ACTA | N33: =+N17+N18 -> 58
I34: EJECUTADO ACTA 1 | N34: 0
I35: EJECUTADO ACTA 2 | N35: 0
I36: EJECUTADO PRESENTE ACTA | N36: =+ROUND(N33-N34-N35,2) -> 58
B37: Calculó: | F37: =+INFORMACION!C6 -> Vo.Bo. Secretario de Planeación e Infraestructura | K37: =+INFORMACION!C7 -> Vo.Bo. Supervisión
B38: =+INFORMACION!C5 -> 0
B39: Otanche - Boyacá
